 Dungeon Crawl Stone Soup version 0.29.0-11-gd7f09526c8 (webtiles) character file.

Game seed: 9456903150942010058

522 NinjaNoafa the Priest (level 7, 0/61 HPs)
             Began as a Hill Orc Monk on Sept 5, 2022.
             Was a Believer of Beogh.
             Slain by a black bear (3 damage)
             ... on level 4 of the Dungeon.
             The game lasted 00:08:29 (3361 turns).

NinjaNoafa the Priest (Hill Orc Monk)               Turns: 3361, Time: 00:08:30

Health: 0/61       AC:  7    Str: 15 (16) XL:     7   Next: 22%
Magic:  11/11      EV: 11    Int:  7 (10) God:    Beogh [**....]
Gold:   240        SH:  0    Dex: 11 (13) Spells: 6/6 levels left

rFire   . . .      SeeInvis .   f - +0 war axe (freeze)
rCold   + . .      Faith    .   (no shield)
rNeg    . . .      Spirit   .   e - +1 ring mail
rPois   .          Reflect  .   (no helmet)
rElec   .          Harm     .   (no cloak)
rCorr   .          Rampage  .   (no gloves)
Will    .....                   (no boots)
Stlth   +.........              (no amulet)
HPRegen 0.20/turn               o - ring of protection from cold
MPRegen 0.12/turn               (no ring)

@: flying
A: no striking features
a: Renounce Religion, Smiting


You were on level 4 of the Dungeon.
You worshipped Beogh.
Beogh was pleased with you.
You visited 1 branch of the dungeon, and saw 4 of its levels.

You collected 240 gold pieces.

Inventory:

Hand Weapons
 f - a +0 war axe of freezing (weapon)
Missiles
 b - 34 stones
 c - 3 poisoned darts
 h - 5 boomerangs (quivered)
Armour
 e - a +1 ring mail (worn)
Jewellery
 o - a ring of protection from cold (left hand)
Scrolls
 d - a scroll of teleportation
 j - a scroll of vulnerability
 k - a scroll of noise
 m - a scroll of fear
 n - 2 scrolls of blinking
Potions
 i - a potion of mutation {unknown}
 p - a potion of cancellation {unknown}


   Skills:
 - Level 5.0 Fighting
 - Level 5.0 Axes
 - Level 5.0 Armour
 - Level 2.4 Dodging
 - Level 1.5 Stealth
 + Level 5.5 Invocations


You had 6 spell levels left.
You didn't know any spells.
Your spell library contained the following spells:

 Spells                   Type           Power      Damage    Failure   Level
 Scorch                   Fire           0%         2d5       78%         2
 Flame Wave               Conj/Fire      0%         2d4       100%        4
 Summon Cactus Giant      Summ           0%         N/A       100%        6


Dungeon Overview and Level Annotations

Branches:
Dungeon (4/15)
 Temple: D:4-7

Altars:
Ashenzari
Kikubaaqudgha
Okawaru

Shops:
D:2 [


Message History

The black bear bites you but does no damage.
The black bear barely misses you. x2
You hit the black bear but do no damage.
The black bear is heavily wounded.
The black bear bites you.
The black bear claws you but does no damage. x2
You hit the black bear. You freeze the black bear.
The black bear is heavily wounded.
The black bear bites you. The black bear barely misses you.
The black bear claws you.
You slash the black bear! You freeze the black bear.
The black bear is almost dead.
The black bear goes berserk!
You closely miss the black bear.
The black bear is almost dead.
The black bear bites you.
The black bear claws you but does no damage.
The black bear closely misses you. The black bear bites you.
The black bear claws you but does no damage. x2
You hit the black bear. You freeze the black bear.
The black bear is almost dead.
The black bear barely misses you.
The black bear claws you but does no damage.
The black bear claws you.
* * * LOW HITPOINT WARNING * * *
The black bear bites you.
* * * LOW HITPOINT WARNING * * *
The black bear barely misses you.
The black bear claws you but does no damage.
It was a potion of degeneration.
There was something very wrong with that liquid.
You feel weakened.
You feel dopey.
You feel clumsy. The black bear bites you!
* * * LOW HITPOINT WARNING * * *
The black bear completely misses you. The black bear closely misses you.
It was a potion of flight.
You feel very buoyant.
You fly up into the air.
The black bear barely misses you. x2
The black bear claws you.
You die...

+.S#.#..#.#....#....#
#..##..#....####'## .
#..##..#........<.#
.#
#.#..#.#..........#
wS#......#..........#
######'##..........#
..#...).#+....#######
#.#.#.#.##....#
#..#@.##....#
...'.#h#.##....
####.....# #######


You could see a black bear (berserk), a dart slug and a ball python.

Vanquished Creatures
  Sigmund (D:2)
  A scorpion (D:4)
  A howler monkey (D:4)
  An orc priest (D:3)
  An iguana (D:4)
  Natasha (thrice) (D:2)
  8 adders
  A worm (D:2)
  A dart slug (D:1)
  8 orcs
  5 ball pythons
  5 endoplasms
  3 giant cockroaches
  3 goblins (D:1)
  A hobgoblin (D:1)
  5 jackals (D:3)
  3 kobolds
  A quokka (D:4)
  3 bats
  2 frilled lizards
  5 rats
  A spectral goblin (D:3)
63 creatures vanquished.

Vanquished Creatures (others)
  A giant cockroach (D:3)
  A goblin (D:3)
2 creatures vanquished.

Grand Total: 65 creatures vanquished

Notes
Turn   | Place    | Note
-------+----------+-------------------------------------------
     0 | D:1      | NinjaNoafa the Hill Orc Monk began the quest for the Orb.
     0 | D:1      | Reached XP level 1. HP: 19/19 MP: 1/1
   405 | D:1      | Reached XP level 2. HP: 16/27 MP: 2/2
   624 | D:1      | You fall into a shaft and drop 1 floor!
   725 | D:2      | Reached skill level 1 in Armour
   934 | D:1      | Reached XP level 3. HP: 33/33 MP: 3/3
  1740 | D:2      | Noticed Natasha
  1747 | D:2      | Killed Natasha
  1748 | D:2      | Reached skill level 5 in Axes
  1748 | D:2      | Reached XP level 4. HP: 31/41 MP: 4/4
  1757 | D:2      | Noticed Natasha
  1767 | D:2      | Killed Natasha
  1927 | D:2      | Noticed Sigmund
  1963 | D:2      | Killed Sigmund
  1964 | D:2      | Reached skill level 5 in Fighting
  1964 | D:2      | Reached skill level 5 in Armour
  1964 | D:2      | Reached XP level 5. HP: 31/48 MP: 5/5
  1964 | D:2      | Reached XP level 6. HP: 36/56 MP: 6/6
  2066 | D:2      | Noticed Natasha
  2071 | D:2      | Killed Natasha
  2072 | D:2      | Reached skill level 1 in Invocations
  2147 | D:2      | Found Moifa's Antique Armour Shop.
  2356 | D:3      | Found a faded altar of an unknown god.
  2475 | D:3      | Found an ancient bone altar of Kikubaaqudgha.
  2536 | D:3      | Became a worshipper of Beogh the Brigand
  2536 | D:3      | Reached * piety under Beogh
  2536 | D:3      | Reached ** piety under Beogh
  2789 | D:3      | Found an iron altar of Okawaru.
  3068 | D:3      | Found a broken altar of Ashenzari.
  3293 | D:4      | Reached XP level 7. HP: 55/61 MP: 8/10
  3301 | D:4      | Reached skill level 5 in Invocations
  3360 | D:4      | HP: 2/61 [black bear (11)]
  3361 | D:4      | Slain by a black bear

Illustrated notes

Levels and vault maps discovered:
D:1:      saegor_arrival_miasma, layout_basic, dk_noncrumbling_4
D:2:      layout_loops_ring, serial_shops, nicolae_shop_trees, uniq_natasha,
          uniq_sigmund
D:3:      layout_basic, mainiacjoe_overflow_alcove_4,
          mainiacjoe_overflow_alcove_1, mainiacjoe_overflow_cross_hatched,
          dreamdust_ecumenical_altar_drowned_temple,
          wander_ebering_terrifying_dragon_lair
D:4:      minmay_clustersquares, layout_gridville,
          grunt_temple_overflow_gold_and_silver, mainiacjoe_overflow_paths,
          serial_shops, nicolae_shop_hallway_plus,
          hangedman_abyss_or_decor_jellyfish_corner, uniq_menkaure

Skill      XL: |  1  2  3  4  5  6  7 |
---------------+----------------------+-----
Fighting       | 4 5 |  5.0
Armour         | 1 2 5 |  5.0
Axes           | 5 |  5.0
Invocations    | 4 5 |  5.5
Dodging        | |  2.4
Stealth        | |  1.5

Action                   |  1- 3 |  4- 6 |  7- 9 || total
-------------------------+-------+-------+-------++-------
Melee: Hand axe          |    29 |       |       ||    29
       Punch             |     1 |     1 |       ||     2
       War axe           |    49 |   111 |    26 ||   186
Throw: Boomerang         |     9 |       |       ||     9
Invok: Convert to Beogh  |       |     1 |       ||     1
  Use: Scroll            |     4 |     6 |       ||    10
       Potion            |     3 |     1 |     2 ||     6
 Stab: Sleeping          |     1 |     1 |       ||     2
Armor: Ring mail         |    38 |    56 |    15 ||   109
Dodge: Dodged            |    66 |    59 |    18 ||   143
